 Dungeon Crawl Stone Soup version 0.30.0-5-g1a98f26d00 (webtiles) character file.

Game seed: 12754960642188361339

3584 Kurot the Chiller (level 9, -2/71 HPs)
             Began as a Yellow Draconian Ice Elementalist on May 12, 2023.
             Was an Initiate of Ru.
             Killed from afar by an electric eel (9 damage)
             ... with a bolt of electricity
             ... on level 7 of the Dungeon.
             The game lasted 00:26:16 (5249 turns).

Kurot the Chiller (DrIE)                            Turns: 5249, Time: 00:26:17

Health: -2/71      AC:  7    Str: 13    XL:     9   Next: 85%
Magic:  18/18      EV: 18    Int: 17    God:    Ru [......]
Gold:   434        SH:  0    Dex: 12    Spells: 13/20 levels left

rFire   . . .        p - +5 dagger (venom)
rCold   + . .        (no shield)
rNeg    . . .        (body armour unavailable)
rPois   .            (helmet restricted)
rElec   .            (no cloak)
rCorr   +            (no gloves)
SInv    .            (no boots)
Will    .....        (no amulet)
Stlth   +++          k - +5 ring of evasion
HPRegen 0.31/turn    h - ring of protection from cold
MPRegen 0.16/turn

%: no passive effects
@: short of breath
A: spit acid, AC +7, unfitting armour, cold-blooded, acid resistance
a: Breathe Acid, Renounce Religion


You were on level 7 of the Dungeon.
You worshipped Ru.
Ru was noncommittal.
You visited 2 branches of the dungeon, and saw 8 of its levels.
You also visited: Bailey.

You collected 434 gold pieces.

Inventory:

Hand Weapons
 b - a +0 hand axe
 p - a +5 dagger of venom (weapon)
 C - a +0 glaive
Jewellery
 h - a ring of protection from cold (right hand)
 k - a +5 ring of evasion (left hand)
 m - a ring of ice
 v - a +6 ring of dexterity
Wands
 s - a wand of iceblast (3)
 t - a wand of charming (13)
 w - a wand of flame (31)
Scrolls
 d - 4 scrolls of teleportation
 i - a scroll of silence
 n - a scroll of noise
 r - a scroll of poison
 u - a scroll of vulnerability
 y - 7 scrolls of enchant armour
Potions
 a - a potion of lignification {unknown}
 c - 2 potions of heal wounds
 e - 2 potions of cancellation {unknown}
 f - 2 potions of degeneration {unknown}
 g - 2 potions of curing {unknown}
 j - 2 potions of attraction {unknown}
 l - a potion of might {unknown}
 o - 2 potions of resistance {unknown}
 q - a potion of experience {unknown}
 x - a potion of ambrosia {unknown}
 z - 2 potions of haste {unknown}
 A - a potion of brilliance {unknown}
 B - a potion of mutation {unknown}


   Skills:
 * Level 4.1 Fighting
 * Level 3.3 Short Blades
 * Level 3.9 Axes
 * Level 4.5 Dodging
 * Level 4.3 Stealth
 * Level 6.4 Spellcasting
 * Level 2.6 Hexes
 * Level 2.8 Fire Magic
 * Level 7.6 Ice Magic
 * Level 2.7 Evocations


You had 13 spell levels left.
You knew the following spells:

 Your Spells              Type           Power      Damage    Failure   Level
a - Freeze                Ice            100%       1d10      1%          1
b - Frozen Ramparts       Ice            62%        1d10      1%          3
c - Inner Flame           Hex/Fire       14%        N/A       12%         3

Your spell library contained the following spells:

 Spells                   Type           Power      Damage    Failure   Level
 Ozocubu's Armour         Ice            31%        N/A       1%          3
 Summon Ice Beast         Ice/Summ       18%        N/A       26%         4
 Summon Mana Viper        Hex/Summ       9%         N/A       90%         5
 Yara's Violent Unravell  Hex/Tmut       4%         3d4       90%         5
 Enfeeble                 Hex            7%         N/A       100%        7
 Monstrous Menagerie      Summ           2%         N/A       100%        7


Dungeon Overview and Level Annotations

Branches:
Dungeon (7/15)             Temple (1/1) D:7          Bailey (visited)

Altars:
Ashenzari
Cheibriados
Elyvilon
Fedhas
Gozag
Kikubaaqudgha
Makhleb
Nemelex Xobeh
Okawaru
Qazlal
Ru
Sif Muna
Trog
Uskayaw
Vehumet
Xom
Yredelemnul
Zin
The Shining One


Innate Abilities, Weirdness & Mutations

You can spit globs of acid.
Your golden yellow scales are hard. (AC +7)
You cannot fit into any form of body armour.
You are cold-blooded and may be slowed by cold attacks.
You are resistant to acid. (rCorr)


Message History

Aim: an electric eel (43% to hit)
You spit a glob of acid.
The glob of acid hits the electric eel!!
You kill the electric eel!
You have got your breath back.
Things that are here:
a +0 robe; a +0 whip of flaming
Found a hand axe.
You now have 419 gold pieces (gained 15).
Found a stone staircase leading down.
There is a stone staircase leading down here.
An electric eel comes into view.
You now have 434 gold pieces (gained 15).
There are no items here.
The electric eel shoots out a bolt of lightning at you!
The bolt of electricity hits you!
The electric eel shoots out a bolt of lightning at you!
The bolt of electricity hits you!
An electric eel comes into view.
The electric eel shoots out a bolt of lightning at you!
The bolt of electricity hits you!
Press: ? - help, Shift-Dir - straight line, f - electric eel
Aim: an electric eel (43% to hit)
You spit a glob of acid.
The glob of acid hits the electric eel!
The acid splashes onto the plant!
The plant is splashed with acid.
The plant begins to die.
The electric eel is severely wounded.
The electric eel shoots out a bolt of lightning at you!
The bolt of electricity misses you. The bolt of electricity hits you!
The electric eel shoots out a bolt of lightning at you!
The bolt of electricity misses you.
The electric eel shoots out a bolt of lightning at you!
The bolt of electricity hits you!
* * * LOW HITPOINT WARNING * * *
The electric eel shoots out a bolt of lightning at you!
The bolt of electricity hits you!
* * * LOW HITPOINT WARNING * * *
The electric eel shoots out a bolt of lightning at you!
The bolt of electricity hits you!
You die...

*****,,,,,.....#.#.#######..#
,,**,,,,,,,,#...............#
,,,,,,,,,,,,#....>..........#** *
,,,,,,,,,,,,#................,***
,,,,,,,,,,,,#.........)......,,**
,,,,,,,,,,,,####....#........,,*~
****,,,,,*,,,,*#....#........~,~~
,,,,,,,,,,,,*,*#....#........~,~~
,****,*****,*,*#@...........~~~~~
,* *,,* ***,*##.##.....~..~~~~~
,*****,******,,*#....~~.P~~~~~~~~
,,,,,,,,,,,,,,,,..~~..S~~≈≈≈≈~,~~
,,,~,,,~~,,,~~,...~≈S~~≈≈≈≈≈~~~~~
***~,,~~~,~~~~P.~PP~≈≈≈≈≈≈~P~,,,,
*~~~,,~,~~~~~≈≈≈~~~≈≈≈≈≈≈≈≈~~,,,,
~~~~~~~~~~~~~~P~~~≈≈≈~~~P~~.~,,**
~~~~~~~~~~~~~,~~~~~~~~~~,,,~,,*,<


You could see an electric eel.

Vanquished Creatures
  Pikel (D:7)
  An orc knight (Bailey)
  Sigmund (D:5)
  A steam dragon (D:6)
  4 vampire mosquitoes (D:7)
  Edmund (D:4)
  Duvessa (D:6)
  6 orc warriors (Bailey)
  A centaur (D:6)
  2 phantoms
  2 lemures (D:7)
  A bullfrog (D:7)
  4 scorpions
  Dowan (D:6)
  2 howler monkeys
  An electric eel (D:7)
  A hound (D:6)
  2 jellies (D:4)
  2 orc priests
  A sleepcap (D:5)
  3 orc wizards (D:6)
  3 gnolls (D:4)
  8 adders
  A shadow imp (D:5)
  An ufetubus (D:5)
  3 worms
  5 dart slugs
  39 orcs
  A bat (D:3)
  4 endoplasms
  3 giant cockroaches (D:4)
  4 goblins
  A hobgoblin (D:1)
  4 jackals (D:5)
  3 kobolds
  2 quokkas
  4 ball pythons
  4 rats
129 creatures vanquished.

Vanquished Creatures (others)
  A white imp (D:6)
1 creature vanquished.

Grand Total: 130 creatures vanquished

Notes
Turn   | Place    | Note
-------+----------+-------------------------------------------
     0 | D:1      | Kurot the Draconian Ice Elementalist began the quest for
                  | the Orb.
     0 | D:1      | Reached XP level 1. HP: 14/14 MP: 3/3
   190 | D:1      | Reached XP level 2. HP: 20/20 MP: 0/5
   422 | D:2      | You fall into a shaft and drop 1 floor!
   636 | D:3      | Reached XP level 3. HP: 25/26 MP: 0/6
   701 | D:3      | Learned a level 3 spell: Frozen Ramparts
   888 | D:4      | Reached XP level 4. HP: 34/34 MP: 3/8
   911 | D:4      | Reached skill level 5 in Ice Magic
   919 | D:4      | Learned a level 3 spell: Inner Flame
   946 | D:4      | Noticed a scorpion
   961 | D:4      | Killed a scorpion
   962 | D:4      | Reached skill level 1 in Fighting
   962 | D:4      | Reached skill level 1 in Axes
   962 | D:4      | Reached XP level 5. HP: 33/40 MP: 4/9
  1213 | D:4      | Noticed Edmund
  1223 | D:4      | Reached XP level 6. HP: 37/47 MP: 5/11
  1285 | D:4      | Killed Edmund
  1380 | D:4      | Your scales start taking on a golden yellow colour.
  1380 | D:4      | Reached XP level 7. HP: 20/53 MP: 4/13
  1380 | D:4      | Gained mutation: You are resistant to acid. (rCorr) [Yellow
                  | Draconian growth]
  1789 | D:5      | Entered Level 5 of the Dungeon
  1794 | D:5      | Identified the +6 chain mail of Integrity {Will+}
  1943 | D:5      | Noticed Sigmund
  2074 | D:5      | Reached skill level 6 in Ice Magic
  2698 | D:5      | Killed Sigmund
  3208 | D:6      | Noticed Duvessa
  3215 | D:6      | Noticed Dowan
  3225 | D:6      | Killed Duvessa
  3226 | D:6      | Reached skill level 1 in Short Blades
  3226 | D:6      | Reached skill level 1 in Fire Magic
  3226 | D:6      | Reached XP level 8. HP: 30/62 MP: 9/14
  3270 | D:6      | HP: 1/62 [steam dragon] (10)]
  3271 | D:6      | Reached skill level 1 in Hexes
  3513 | D:6      | Reached skill level 1 in Evocations
  3625 | D:6      | Killed Dowan
  3679 | D:6      | Reached skill level 5 in Spellcasting
  3991 | D:6      | Found an ancient bone altar of Kikubaaqudgha.
  4035 | D:7      | Noticed Pikel
  4051 | D:7      | Killed Pikel
  4052 | D:7      | Reached XP level 9. HP: 60/70 MP: 8/17
  4064 | D:7      | Found a flagged portal.
  4078 | Bailey   | Entered a bailey
  4203 | Bailey   | Reached skill level 7 in Ice Magic
  4501 | Bailey   | Noticed an orc knight
  4557 | Bailey   | Killed an orc knight
  5028 | D:7      | Found a staircase to the Ecumenical Temple.
  5034 | Temple   | Entered the Ecumenical Temple
  5098 | Temple   | Became a worshipper of Ru the Awakened
  5249 | D:7      | Killed from afar by an electric eel

Illustrated notes

Levels and vault maps discovered:
D:1:      roderic_crossed_star, layout_basic, basic_ecumenical_altar,
          glass_columns_b, hex_tiny, nrook_campfire
D:2:      layout_rooms, uniq_terence
D:3:      layout_basic, serial_shops, shop, gammafunk_ghost_gnarly_gnolls,
          grunt_ministairs_10
D:4:      layout_basic, minmay_misc_feat_secret_circle, saegor_snake_ambush,
          uniq_edmund
D:5:      layout_cave_pods, minmay_gold_behind_fungi, uniq_sigmund
D:6:      layout_rooms, kennysheep_mini, minivault_23, uniq_duvessa
D:7:      minmay_the_grid_triangle_9x9_recursive_2
          [minmay_the_grid_triangle_9x9_prize_schism,
          minmay_the_grid_triangle_9x9_corruption,
          minmay_the_grid_triangle_9x9_dagger,
          minmay_the_grid_triangle_9x9_swiss_cheese], layout_basic,
          minmay_temple_entry_hall, enter_bailey_2, minmay_fountain_box,
          supply_closet_lemuel, chequers_mini_garden, serial_bayou_ford_a,
          chequers_big_river, uniq_pikel
Temple:   nicolae_temple_two_arcs

Skill      XL: |  1  2  3  4  5  6  7  8  9 |
---------------+----------------------------+-----
Stealth        | 2 3 4 |  4.3
Dodging        | 2 3 4 |  4.5
Ice Magic      | 5 6 7 |  7.6
Fighting       | 1 2 3 4 |  4.1
Axes           | 1 2 3 |  3.9
Spellcasting   | 3 4 5 6 |  6.4
Short Blades   | 1 2 3 |  3.3
Fire Magic     | 1 2 |  2.8
Hexes          | 1 2 |  2.6
Evocations     | 1 2 |  2.7

Action                     |  1- 3 |  4- 6 |  7- 9 || total
---------------------------+-------+-------+-------++-------
  Melee: Hand axe          |    17 |    42 |    23 ||    82
         Tailslap          |     3 |     8 |    16 ||    27
         Punch             |       |     1 |     2 ||     3
         Dagger            |       |       |   115 ||   115
   Cast: Freeze            |    43 |    16 |    36 ||    95
         Frozen Ramparts   |     2 |     8 |    21 ||    31
         Inner Flame       |       |       |     1 ||     1
Ability: Breathe Acid      |       |       |    24 ||    24
  Evoke: Wand              |       |       |    12 ||    12
    Use: Scroll            |     3 |       |    12 ||    15
         Potion            |     2 |       |     5 ||     7
   Stab: Sleeping          |     1 |       |     1 ||     2
 Armour: Skin              |    14 |     7 |    52 ||    73
  Dodge: Dodged            |    45 |    53 |   221 ||   319
